 Dungeon Crawl Stone Soup version 0.28.0-45-g0d030f2227 (webtiles) character file.

Game seed: 13840821284076005886

163962 Mitsuki the Pyromancer (level 17, -1/96 HPs)
             Began as a Deep Elf Conjurer on Apr 4, 2022.
             Was a High Priest of Vehumet.
             Slain by a ghost moth (11 damage)
             ... on level 3 of the Spider Nest.
             The game lasted 02:39:55 (45509 turns).

Mitsuki the Pyromancer (Deep Elf Conjurer)         Turns: 45509, Time: 02:39:55

Health: -1/96      AC: 15    Str:  3 (6)  XL:     17   Next: 25%
Magic:  1/39       EV: 12    Int: 34 (36) God:    Vehumet [*****.]
Gold:   2199       SH:  0    Dex: 15      Spells: 8/49 levels left

rFire   + + .      SeeInvis +   J - staff of fire
rCold   + . .      Faith    .   (no shield)
rNeg    + . .      Spirit   .   k - +2 robe {rC+ rF+}
rPois   +          Reflect  .   y - +1 helmet
rElec   +          Harm     .   i - +2 cloak
rCorr   +          Rampage  .   j - +2 pair of gloves {Stlth+}
Will    +....                   r - +2 pair of boots of Sif Muna's Respect {rElec Int+6}
Stlth   +++.......              (no amulet)
HPRegen 0.26/turn               I - ring "Qedoruu" {Contam rPois rN+ rCorr Dex+2}
MPRegen 0.26/turn               H - ring of see invisible

@: invisible
A: no striking features
a: Renounce Religion


You were on level 3 of the Spider Nest.
You worshipped Vehumet.
Vehumet was extremely pleased with you.
You visited 5 branches of the dungeon, and saw 28 of its levels.
You visited the Abyss 1 time.
You also visited: Ice Cave.

You collected 3243 gold pieces.
You spent 1044 gold pieces at shops.

Inventory:

Hand Weapons
 l - the +8 short sword of Past Mistakes {vorpal, *Noise rF+ Str+3}
   (You found it on level 12 of the Dungeon)

   It inflicts extra damage upon your enemies.
   Str:       It affects your strength (+3).
   rF:        It protects you from fire.
   *Noise:    It may make noises in combat.
 m - the +3 war axe of Objectivity {venom, rN+ rCorr Int+2}
   (You found it on level 3 of the Lair of Beasts)

   It poisons the flesh of those it strikes.
   Int:       It affects your intelligence (+2).
   rN:        It protects you from negative energy.
   rCorr:     It protects you from acid and corrosion.
Missiles
 w - 3 throwing nets
 O - 7 curare-tipped darts
Armour
 i - a +2 cloak (worn)
 j - a +2 pair of gloves of stealth (worn)
 k - a +2 robe of resistance (worn)
 r - the +2 pair of boots of Sif Muna's Respect (worn) {rElec Int+6}
   (You found it in an ice cave)

   Int:       It affects your intelligence (+6).
   rElec:     It insulates you from electricity.
 y - a +1 helmet (worn)
Magical Staves
 J - a staff of fire (weapon)
Jewellery
 z - a +6 ring of intelligence
 H - a ring of see invisible (right hand)
 I - the ring "Qedoruu" (left hand) {Contam rPois rN+ rCorr Dex+2}
   (You found it on level 11 of the Dungeon)

   [ring of positive energy]

   Dex:       It affects your dexterity (+2).
   rPois:     It protects you from poison.
   rN:        It protects you from negative energy.
   Contam:    It causes magical contamination when unequipped.
   rCorr:     It protects you from acid and corrosion.
Wands
 e - a wand of charming (9)
 u - a wand of mindburst (2)
 A - a wand of acid (5)
 D - a wand of iceblast (26)
 E - a wand of flame (3)
 S - a wand of digging (4)
Scrolls
 b - 4 scrolls of vulnerability
 c - 13 scrolls of teleportation
 g - 5 scrolls of amnesia
 h - 3 scrolls of silence
 n - a scroll of torment {unknown}
 s - 3 scrolls of blinking
 v - 2 scrolls of enchant weapon
 x - 5 scrolls of holy word
 B - 2 scrolls of enchant armour
 F - 4 scrolls of immolation
 G - a scroll of fog
 Q - 3 scrolls of fear
Potions
 a - 2 potions of resistance
 o - 6 potions of heal wounds
 p - 3 potions of flight
 q - 17 potions of curing
 t - 4 potions of brilliance
 C - 5 potions of haste
 P - a potion of cancellation
 T - a potion of magic
Miscellaneous
 f - a phial of floods


   Skills:
 - Level 7.3 Fighting
 - Level 2.4 Dodging
 - Level 2.4 Stealth
 * Level 16.5 Spellcasting
 + Level 19.5 Conjurations
 + Level 23.1 Fire Magic


You had 8 spell levels left.
You knew the following spells:

 Your Spells              Type           Power      Damage    Failure   Level
a - Magic Dart            Conj           100%       1d8       0%          1
b - Fireball              Conj/Fire      65%        3d25      0%          5
c - Iskenderun's Mystic   Conj/Tloc      76%        2d15      1%          4
d - Starburst             Conj/Fire      65%        6d17      1%          6
e - Hailstorm             Conj/Ice       76%        3d16      1%          4
f - Inner Flame           Hex/Fire       100%       N/A       1%          3
g - Olgreb's Toxic Radia  Pois           28%        N/A       4%          4
h - Apportation           Tloc           56%        N/A       1%          1
i - Blink                 Tloc           56%        N/A       1%          2
j - Ignite Poison         Fire/Tmut/Pois 88%        N/A       1%          3
k - Ignition              Fire           67%        3d18      1%          8

Your spell library contained the following spells:

 Spells                   Type           Power      Damage    Failure   Level
 Scorch                   Fire           100%       2d10      0%          2
 Searing Ray              Conj           100%       2d8       0%          2
 Flame Wave               Conj/Fire      100%       2d17      0%          4
 Sticky Flame             Conj/Fire      100%       2d11      0%          4
 Animate Skeleton         Necr           56%        N/A       1%          1
 Pain                     Necr           100%       1d9       1%          1
 Sandblast                Erth           56%        2d13      1%          1
 Corpse Rot               Necr/Air       56%        N/A       1%          2
 Passwall                 Tmut/Erth      23%        N/A       1%          2
 Poisonous Vapours        Pois/Air       56%        N/A       1%          2
 Static Discharge         Conj/Air       76%        N/A       1%          2
 Dazzling Flash           Conj/Hex       100%       N/A       1%          3
 Mephitic Cloud           Conj/Pois/Air  64%        N/A       1%          3
 Stone Arrow              Conj/Erth      100%       3d13      1%          3
 Fulminant Prism          Conj/Hex       38%        3d18      1%          4
 Freezing Cloud           Conj/Ice/Air   32%        6-21      1%          5
 Lightning Bolt           Conj/Air       38%        1d56      1%          5
 Iron Shot                Conj/Erth      38%        9d8       1%          6
 Orb of Destruction       Conj           51%        9d13      1%          7
 Ozocubu's Armour         Ice            28%        N/A       4%          3
 Summon Guardian Golem    Hex/Summ       28%        N/A       4%          3
 Vampiric Draining        Necr           28%        2d8       4%          3
 Spellforged Servitor     Conj/Summ      38%        N/A       6%          7
 Lee's Rapid Deconstruct  Erth           14%        3d10*     11%         5
 Animate Armour           Summ/Erth      56%        N/A       14%         4
 Cause Fear               Hex            14%        N/A       14%         4
 Dispel Undead            Necr           28%        3d13      14%         4
 Leda's Liquefaction      Hex/Erth       14%        N/A       14%         4
 Summon Ice Beast         Ice/Summ       28%        N/A       14%         4
 Agony                    Necr           28%        N/A       36%         5
 Alistair's Intoxication  Tmut/Pois      18%        N/A       36%         5
 Blade Hands              Tmut           14%        N/A       36%         5
 Manifold Assault         Tloc           28%        N/A       36%         5
 Metabolic Englaciation   Hex/Ice        14%        N/A       36%         5
 Silence                  Hex/Air        14%        N/A       36%         5
 Summon Mana Viper        Hex/Summ       28%        N/A       36%         5
 Simulacrum               Ice/Necr       14%        N/A       91%         6
 Statue Form              Tmut/Erth      18%        N/A       91%         6
 Summon Cactus Giant      Summ           14%        N/A       91%         6
 Ozocubu's Refrigeration  Ice            14%        4d7       94%         7
 Dragon Form              Tmut           14%        N/A       100%        7
 Monstrous Menagerie      Summ           14%        N/A       100%        7
 Storm Form               Tmut/Air       14%        N/A       100%        7
 Discord                  Hex            14%        N/A       100%        8
 Maxwell's Capacitive Co  Air            14%        ∞         100%        8
 Dragon's Call            Summ           14%        N/A       100%        9


Dungeon Overview and Level Annotations

Branches:
Dungeon (15/15)            Temple (1/1) D:5            Lair (6/6) D:8
  Swamp (0/4) Lair:4       Spider (4/4) Lair:3        Slime (0/5) Lair:6
    Orc (2/2) D:10            Elf (0/3) Orc:2        Vaults (0/5) D:14
 Depths (0/4) D:15          IceCv (visited)

Altars:
Dithmenos
Elyvilon
Fedhas
Gozag
Hepliaklqana
Makhleb
Nemelex Xobeh
Qazlal
Sif Muna
Trog
Uskayaw
Vehumet
The Shining One

Shops:
D:4 *   D:5 *   D:7 (   D:11 [   Orc:1 (   Orc:2 :*([

Annotations:
D:12 exclusion: obsidian statue
D:15 1 runed translucent door


Message History

You now have 0/39 mp.
Something hits you!
You feel weakened. Something hits you.
You feel weakened. Something stings you!
You climb upwards.
Reactivating autopickup.
There is a stone staircase leading down here.
You take 15 damage, and have 52/96 hp.
You fade into invisibility!
Something hits you but does no damage.
Deactivating autopickup; reactivate with Ctrl-A.
Something hits you but does no damage. Something stings you.
You take 5 damage, and have 47/96 hp.
You're wearing all the rings you can.
Remove which one? (? for menu, Esc to cancel) < or
I - the ring "Qedoruu" {Contam rPois rN+ rCorr Dex+2} > or
z - a +6 ring of intelligence You remove your +6 ring of intelligence.
You feel stupid. Something hits you! Something hits you but does no damage.
Something stings you but does no damage.
Reactivating autopickup.
H - a ring of see invisible (right hand)
A ghost moth comes into view.
The ghost moth hits you!
* * * LOW HITPOINT WARNING * * *
You feel weakened. The ghost moth misses you. x2
You take 20 damage, and have 27/96 hp.
MASSIVE DAMAGE!!
You hit the ghost moth but do no damage.
You burn the ghost moth.
The ghost moth is severely wounded.
The ghost moth hits you.
* * * LOW HITPOINT WARNING * * *
The ghost moth hits you!
* * * LOW HITPOINT WARNING * * *
The ghost moth stings you!
You die...

#..##..####..#........
#..##....#............
###.###.##..............
#...###..##.............
####...^.<..............
#....................
##....................
##....y...............#
##.....@...#.#.......###
#............#......####
##...........##....###..
##........#.####.###...
#####.....##.####.##....
#^#####..###.....##.....
##...####.........#.#....
##.....#..#......./.#.....
#.......##..........##....


You could see a ghost moth (invisible).

Vanquished Creatures
  A sphinx (D:13)
  Agnes (Spider:2)
  A tengu reaver (D:13)
  2 emperor scorpions (Spider:1)
  2 frost giants (D:13)
  An orc warlord (Orc:2)
  Aizul (Spider:3)
  5 broodmothers
  The ghost of DearestLeader the Blocker, a journeyman GnFi of Okawaru (Lair:3)
  2 entropy weavers
  A spark wasp (Spider:1)
  A dire elephant (D:15)
  A rakshasa (D:13)
  Erolcha (D:10)
  A jorogumo (Spider:4)
  A radroach (Spider:4)
  5 boulder beetles
  10 centaur warriors
  7 two-headed ogres
  4 catoblepae
  A death knight (D:14)
  13 hydras
  9 death yaks
  2 tengu warriors
  A thrashing horror (Abyss:2)
  5 orc high priests (Orc:2)
  Sonja (Orc:1)
  A fire crab (shapeshifter) (D:15)
  5 pharaoh ants
  A sun moth (Spider:4)
  2 steelbarb worms
  An orb spider (Spider:3)
  Pikel (D:6)
  2 bog bodies (Lair:4)
  A deep elf archer (D:13)
  2 lindwurms (Lair:6)
  The ghost of jaiteiro the Chiller, a novice DrIE of the Shining One (D:7)
  2 wizards (D:14)
  5 deep elf pyromancers
  A mana viper (D:14)
  6 orc knights (Orc:2)
  2 large abominations (Abyss:2)
  20 wolf spiders
  9 ugly things
  5 orc sorcerers
  An oklob plant (Lair:4)
  8 manticores
  8 cyclopes
  A worldbinder (Abyss:2)
  2 moths of wrath (Spider:1)
  3 ice statues (IceCv)
  Maurice (Orc:1)
  2 centaur zombies
  5 black mambas
  3 elephants (Lair:2)
  10 cane toads
  3 torpor snails
  5 gargoyles
  4 demonic crawlers
  2 kobold demonologists (D:13)
  5 rime drakes
  6 komodo dragons
  An unseen horror (D:12)
  Maggie (D:8)
  8 trolls
  An anaconda simulacrum (IceCv)
  A queen bee (D:7)
  19 meliai
  29 tarantellas
  10 polar bears
  Grinder (D:3)
  A meliai zombie (D:11)
  A dream sheep (Lair:6)
  7 raiju
  10 blink frogs
  11 slime creatures
  26 jumping spiders
  A dire elephant simulacrum (IceCv)
  4 shadows
  A water elemental (D:11)
  2 wraiths (D:13)
  41 yaks
  11 wyverns
  21 culicivoras
  8 basilisks
  A hog (shapeshifter) (D:15)
  A human (shapeshifter) (D:13)
  Grum (D:8)
  2 death yak simulacra (IceCv)
  3 steam dragons
  2 fire elementals (Lair:4)
  A golden eye (shapeshifter) (D:15)
  2 neqoxecs (Abyss:2)
  44 redbacks
  6 vampire mosquitoes (D:10)
  11 wargs
  2 acid dragons (D:13)
  22 water moccasins
  11 hell hounds
  32 orc warriors
  An ice beast (D:6)
  A sky beast (D:7)
  15 black bears
  A necrophage (D:6)
  24 wolves
  8 ogres
  11 centaurs
  4 phantoms
  2 lemures (D:6)
  16 bullfrogs
  8 scorpions
  A water moccasin skeleton (D:4)
  18 killer bees
  An elephant simulacrum (IceCv)
  4 howler monkeys
  4 electric eels
  8 crimson imps (D:13)
  A lava snake (Lair:4)
  2 quasits (Abyss:2)
  2 jellies (Lair:6)
  A wyvern simulacrum (D:8)
  7 hounds
  18 orc priests
  A bullfrog skeleton (D:5)
  31 orc wizards
  7 hell rats
  2 wolf simulacra (IceCv)
  A killer bee zombie (D:7)
  2 howler monkey skeletons (D:4)
  14 gnolls
  8 adders
  3 river rats (D:8)
  A shadow imp (D:7)
  16 white imps
  An ufetubus (D:8)
  3 worms
  3 dart slugs (D:1)
  57 orcs
  6 endoplasms
  5 giant cockroaches
  A goblin (D:1)
  6 hobgoblins
  9 kobolds
  4 quokkas
  3 training dummies (Orc:1)
  7 ball pythons
  14 bats
  2 frilled lizards
  8 rats
947 creatures vanquished.

Vanquished Creatures (others)
  46 fungi
  65 plants
111 creatures vanquished.

Grand Total: 1058 creatures vanquished

Notes
Turn   | Place    | Note
-------+----------+-------------------------------------------
     0 | D:1      | Mitsuki the Deep Elf Conjurer began the quest for the Orb.
     0 | D:1      | Reached XP level 1. HP: 10/10 MP: 6/6
   180 | D:1      | Reached XP level 2. HP: 15/15 MP: 1/8
   456 | D:1      | Reached skill level 5 in Conjurations
  1063 | D:1      | Reached XP level 3. HP: 19/19 MP: 7/10
  1527 | D:2      | Learned a level 2 spell: Searing Ray
  1663 | D:2      | Identified the +9 short sword "Paimomm" {speed, rF+ Dex+2}
  1758 | D:2      | Reached XP level 4. HP: 24/24 MP: 8/12
  2495 | D:3      | Noticed Grinder
  2502 | D:3      | Learned a level 4 spell: Iskenderun's Mystic Blast
  2506 | D:3      | Paralysed by Grinder for 4 turns
  2515 | D:3      | Paralysed by Grinder for 7 turns
  2523 | D:3      | Killed Grinder
  2524 | D:3      | Reached skill level 5 in Spellcasting
  2524 | D:3      | Reached XP level 5. HP: 12/28 MP: 12/15
  2524 | D:3      | Reached XP level 6. HP: 14/32 MP: 12/16
  2818 | D:3      | Learned a level 6 spell: Starburst
  2888 | D:3      | Found a faded altar of an unknown god.
  3701 | D:4      | Reached skill level 1 in Fire Magic
  3811 | D:4      | Reached skill level 2 in Fire Magic
  3916 | D:4      | Reached XP level 7. HP: 33/36 MP: 18/18
  4274 | D:4      | Found Ubang's Assorted Antiques.
  4585 | D:4      | Reached skill level 3 in Fire Magic
  4710 | D:4      | Identified the +4 short sword of the Moth {vorpal, Will+}
  4947 | D:5      | Entered Level 5 of the Dungeon
  5311 | D:5      | Reached skill level 4 in Fire Magic
  5339 | D:5      | Reached XP level 8. HP: 41/41 MP: 20/20
  5605 | D:5      | Found a staircase to the Ecumenical Temple.
  5614 | Temple   | Entered the Ecumenical Temple
  5639 | Temple   | Became a worshipper of Vehumet
  5784 | D:5      | Reached skill level 5 in Fire Magic
  5931 | D:5      | Found an opulent altar of Gozag.
  5932 | D:5      | Found a shadowy altar of Dithmenos.
  5933 | D:5      | Found a white marble altar of Elyvilon.
  5933 | D:5      | Found a stormy altar of Qazlal.
  5934 | D:5      | Found a hide-covered altar of Uskayaw.
  5938 | D:5      | Found a glowing golden altar of the Shining One.
  6238 | D:5      | Found Duan's CLEARANCE SALE!.
  6859 | D:6      | Noticed Pikel
  6872 | D:6      | Killed Pikel
  6873 | D:6      | Reached skill level 10 in Conjurations
  6873 | D:6      | Reached skill level 6 in Fire Magic
  7022 | D:6      | Reached XP level 9. HP: 45/45 MP: 23/23
  7251 | D:6      | Reached skill level 7 in Fire Magic
  7322 | D:6      | Noticed a cyclops
  7336 | D:6      | Killed a cyclops
  7906 | D:6      | Reached skill level 8 in Fire Magic
  8406 | D:7      | Found Desu Suroney's Weapon Emporium.
  8432 | D:7      | Reached * piety under Vehumet
  8432 | D:7      | Offered knowledge of Shock by Vehumet.
  8434 | D:7      | Noticed jaiteiro's ghost (novice DrIE)
  8452 | D:7      | Noticed a queen bee
  8544 | D:7      | Identified the +3 war axe of Exquisite Torment {vamp,
                  | Fragile rC++}
  8590 | D:7      | Found a transporter.
  8596 | D:7      | Found a transporter.
  9013 | D:7      | Reached XP level 10. HP: 50/50 MP: 25/25
  9424 | D:8      | Noticed a deep elf pyromancer
  9425 | D:8      | Killed a deep elf pyromancer
  9426 | D:8      | Reached skill level 9 in Fire Magic
  9429 | D:8      | Noticed a death yak
  9429 | D:8      | Noticed a death yak
  9432 | D:8      | Noticed a death yak
  9605 | D:8      | Noticed Grum
  9613 | D:8      | Killed Grum
 10007 | D:8      | Killed a death yak
 10008 | D:8      | Reached skill level 10 in Spellcasting
 10371 | D:8      | Killed a death yak
 10372 | D:8      | Reached skill level 10 in Fire Magic
 10374 | D:8      | Killed a death yak
 10516 | D:8      | Found a staircase to the Lair.
 10976 | D:8      | Offered knowledge of Freeze by Vehumet.
 11536 | D:8      | Noticed Maggie
 11541 | D:8      | Killed Maggie
 11541 | D:8      | Reached ** piety under Vehumet
 11542 | D:8      | Reached skill level 11 in Fire Magic
 11542 | D:8      | Reached XP level 11. HP: 54/54 MP: 13/28
 11889 | D:9      | Noticed a two-headed ogre
 11896 | D:9      | Killed a two-headed ogre
 12398 | D:9      | Noticed a two-headed ogre
 12401 | D:9      | Killed a two-headed ogre
 12650 | D:9      | Reached skill level 12 in Fire Magic
 12780 | D:10     | Entered Level 10 of the Dungeon
 12794 | D:10     | Found a staircase to the Orcish Mines.
 12859 | Orc:1    | Entered Level 1 of the Orcish Mines
 12869 | D:10     | Noticed Erolcha
 12872 | D:10     | Killed Erolcha
 13584 | D:10     | Offered knowledge of Conjure Flame by Vehumet.
 14223 | D:11     | Reached skill level 13 in Fire Magic
 14649 | D:11     | Identified the ring "Qedoruu" {Contam rPois rN+ rCorr
                  | Dex+2}
 14685 | D:11     | Reached *** piety under Vehumet
 14707 | D:11     | Noticed a two-headed ogre
 14723 | D:11     | Killed a two-headed ogre
 14724 | D:11     | Found Gyvebiz's Armour Boutique.
 15005 | D:11     | Noticed a two-headed ogre
 15008 | D:11     | Killed a two-headed ogre
 15009 | D:11     | Reached XP level 12. HP: 59/59 MP: 18/30
 15688 | D:12     | Noticed a boulder beetle
 15700 | D:12     | Killed a boulder beetle
 15880 | D:12     | Noticed a two-headed ogre
 15892 | D:12     | Killed a two-headed ogre
 15895 | D:12     | Noticed an eight-headed hydra
 15910 | D:12     | Killed an eight-headed hydra
 15911 | D:12     | Reached skill level 14 in Fire Magic
 16104 | D:12     | Offered knowledge of Flame Wave by Vehumet.
 16924 | D:13     | Found a frozen archway.
 16934 | D:13     | Noticed a centaur warrior
 17009 | D:13     | Killed a centaur warrior
 17099 | IceCv    | Entered an ice cave
 17140 | IceCv    | Reached **** piety under Vehumet
 17835 | IceCv    | Reached skill level 15 in Fire Magic
 18010 | IceCv    | Identified the +2 pair of boots of Sif Muna's Respect
                  | {rElec Int+6}
 18027 | IceCv    | Identified the +8 mace of Analysis {vorpal, rPois}
 18203 | D:13     | Noticed a two-headed ogre
 18206 | D:13     | Killed a two-headed ogre
 18303 | D:13     | Reached skill level 1 in Fighting
 18744 | D:13     | Reached XP level 13. HP: 65/65 MP: 19/33
 18745 | D:13     | Offered knowledge of Hailstorm by Vehumet.
 18806 | D:12     | Learned a level 4 spell: Hailstorm
 19401 | D:13     | Reached skill level 15 in Conjurations
 19681 | D:13     | Reached skill level 16 in Fire Magic
 21239 | D:13     | Reached skill level 17 in Fire Magic
 21444 | D:13     | Noticed a frost giant
 21444 | D:13     | Noticed a sphinx
 21450 | D:13     | Noticed a tengu reaver
 21450 | D:13     | Noticed a frost giant
 21452 | D:13     | Killed a frost giant
 21452 | D:13     | Killed a tengu reaver
 21453 | D:13     | Killed a sphinx
 21456 | D:13     | Killed a frost giant
 21457 | D:13     | Reached XP level 14. HP: 45/76 MP: 30/34
 22146 | D:14     | Reached skill level 5 in Fighting
 22412 | D:14     | Reached ***** piety under Vehumet
 22606 | D:14     | Found a gate to the Vaults.
 22608 | D:14     | Cast into level 2 of the Abyss (a wizard)
 22958 | Abyss:2  | Noticed a bone dragon
 23003 | Abyss:2  | Noticed a Hell Sentinel
 23097 | D:14     | Escaped the Abyss
 23315 | D:15     | Entered Level 15 of the Dungeon
 23325 | D:15     | Offered knowledge of Olgreb's Toxic Radiance by Vehumet.
 23327 | D:15     | Reached skill level 18 in Fire Magic
 24215 | D:15     | Found a staircase to the Depths.
 24245 | D:15     | Found a runed translucent door.
 24246 | D:15     | Noticed a stone giant
 24571 | Lair:1   | Entered Level 1 of the Lair of Beasts
 24582 | Lair:1   | Learned a level 3 spell: Inner Flame
 24587 | Lair:1   | Learned a level 4 spell: Olgreb's Toxic Radiance
 25034 | Lair:1   | Learned a level 1 spell: Apportation
 27260 | Lair:3   | Reached skill level 19 in Fire Magic
 27446 | Lair:3   | Found a hole to the Spider Nest.
 27458 | Lair:3   | Offered knowledge of Airstrike by Vehumet.
 27652 | Lair:3   | Found a runed translucent gate.
 27652 | Lair:3   | Noticed DearestLeader's ghost (journeyman GnFi)
 27653 | Lair:3   | Found a runed translucent gate.
 27654 | Lair:3   | Found a runed translucent gate.
 28510 | Lair:3   | Reached XP level 15. HP: 57/85 MP: 29/35
 28558 | Lair:3   | Killed DearestLeader's ghost
 28740 | Lair:3   | Identified the +3 war axe of Objectivity {venom, rN+ rCorr
                  | Int+2}
 28844 | Lair:4   | Found a staircase to the Swamp.
 30317 | Lair:5   | Offered knowledge of Yara's Violent Unravelling by Vehumet.
 30748 | Lair:5   | Reached skill level 20 in Fire Magic
 31342 | Lair:6   | Entered Level 6 of the Lair of Beasts
 31757 | Lair:6   | Found a staircase to the Slime Pits.
 33151 | Lair:6   | Offered knowledge of Spellforged Servitor by Vehumet.
 33734 | Lair:6   | Identified the +6 quarterstaff of Interdependent Arising
                  | {holy, Int+2}
 34396 | Lair:6   | Reached skill level 21 in Fire Magic
 35484 | D:4      | Bought a thin brass amulet for 125 gold pieces
 35487 | D:4      | Bought a potion of curing for 75 gold pieces
 35487 | D:4      | Bought a potion of brilliance for 100 gold pieces
 35637 | D:7      | Killed jaiteiro's ghost
 35918 | D:12     | Identified the +8 short sword of Past Mistakes {vorpal,
                  | *Noise rF+ Str+3}
 36437 | Orc:1    | Noticed Sonja
 36442 | Orc:1    | Killed Sonja
 36573 | Orc:1    | Noticed Maurice
 36576 | Orc:1    | Paralysed by Maurice for 6 turns
 36577 | Orc:1    | Killed Maurice
 37059 | Orc:2    | Entered Level 2 of the Orcish Mines
 37067 | Orc:2    | Offered knowledge of Fireball by Vehumet.
 37072 | Orc:2    | Noticed an orc warlord
 37075 | Orc:2    | Reached XP level 16. HP: 42/90 MP: 21/36
 37308 | Orc:1    | Learned a level 5 spell: Fireball
 37721 | Orc:2    | Found Ura Wocw's Antique Weapon Shop.
 37864 | Orc:2    | Found Jextador's General Store.
 37981 | Orc:2    | Found Kooleira's Book Emporium.
 37990 | Orc:2    | Bought an Inescapable Atlas for 408 gold pieces
 37990 | Orc:2    | Bought a Trismegistus Codex for 336 gold pieces
 37993 | Orc:2    | Learned a level 2 spell: Blink
 37997 | Orc:2    | Learned a level 3 spell: Ignite Poison
 38086 | Orc:2    | Found a staircase to the Elven Halls.
 38120 | Orc:2    | Found Luig's Antique Armour Emporium.
 38285 | Orc:1    | Found Ciamav's Firing Range.
 38866 | Spider:1 | Entered Level 1 of the Spider Nest
 39021 | Spider:1 | Offered knowledge of Iskenderun's Battlesphere by Vehumet.
 39523 | Spider:1 | Reached skill level 22 in Fire Magic
 41417 | Spider:2 | Noticed Agnes
 41423 | Spider:2 | Killed Agnes
 42038 | Spider:2 | Reached ****** piety under Vehumet
 42039 | Spider:2 | Reached skill level 15 in Spellcasting
 42902 | Spider:2 | Offered knowledge of Ignition by Vehumet.
 42926 | Spider:2 | Learned a level 8 spell: Ignition
 44216 | Spider:3 | Noticed Aizul
 44229 | Spider:3 | Killed Aizul
 44230 | Spider:3 | Reached XP level 17. HP: 53/96 MP: 8/38
 45325 | Spider:4 | Entered Level 4 of the Spider Nest
 45330 | Spider:4 | Reached skill level 23 in Fire Magic
 45509 | Spider:3 | Slain by a ghost moth

Illustrated notes

Levels and vault maps discovered:
D:1:      lightli_arrival_flooded_house, layout_basic, hex_large,
          grunt_decor_resistance, minmay_pentomino_u4
D:2:      layout_rooms
D:3:      layout_loops_corners, dreamdust_ecumenical_altar_angels_and_demons,
          uniq_grinder
D:4:      layout_cave_pods, serial_shops, nicolae_stop_n_shop_2
D:5:      old_forge, layout_layer_cave, minitemple, lemuel_temple_firewalk_a,
          nicolae_shop_clearance
D:6:      layout_basic, uniq_pikel
D:7:      layout_basic, gammafunk_ghost_hive, serial_shops,
          nicolae_shop_hallway_stairs
D:8:      layout_cave_pods, dpeg_lair_monsters, serial_ice, serial_ice_f,
          serial_ice_l, serial_ice_e, serial_ice_m, serial_ice_n, serial_ice_d,
          serial_ice_g, uniq_grum, uniq_maggie
D:9:      layout_roguey
D:10:     layout_roguey, orc_0_dummy, uniq_erolcha
D:11:     layout_basic, serial_shops, nicolae_inconvenience_store
D:12:     layout_irregular_city, minmay_protected_statue
D:13:     kennysheep_snake, layout_basic, portal_ice_cave_entry_imps,
          grunt_ministairs_13, minmay_nine_imps
D:14:     layout_irregular_city, david_vaults_1, minmay_misc_feat_enclosed
D:15:     hangedman_depths_entry_try_elsewhere_first, layout_rooms,
          nrook_mini_vaults, minivault_13
Temple:   eino_temple_scatter_basement
Lair:1:   layout_regular_city, st_stairs_10, grunt_megastairs_4
Lair:2:   layout_regular_city, lemuel_fruit_fields, serial_bayou_shore_a
Lair:3:   layout_chaotic_city, nicolae_spider_entry_tight_spaces,
          gammafunk_ghost_hydra_chop, lemuel_fruit_tree
Lair:4:   layout_gridlike, skrybe_swamp_entry_bodies
Lair:5:   layout_gridlike, special_room [special_room_mythical_zoo],
          hangedman_lair_unloving_vines, grunt_megastairs_3
Lair:6:   hangedman_lair_in_review, layout_regular_city,
          hangedman_lair_caniforms_friends, minmay_slime_entry_pillars
Spider:1: layout_chambers
Spider:2: layout_chambers, nicolae_spider_cling_halls, uniq_agnes
Spider:3: layout_chambers, hangedman_spider_tarantella_strand, uniq_aizul
Spider:4: grunt_spider_rune_island
Orc:1:    layout_diamond_mine, nicolae_shop_firing_range, uniq_sonja,
          uniq_maurice
Orc:2:    grunt_orc_gardens, layout_caves, grunt_orc_garden, grunt_orc_garden,
          grunt_orc_garden, grunt_orc_garden

Skill      XL: |  1  2  3  4  5  6  7  8  9 10 11 12 13 14 15 16 17 |
---------------+----------------------------------------------------+-----
Conjurations   | 5 7 8 10 11 12 13 14 15 17 18 19 | 19.5
Spellcasting   | 4 5 6 8 9 11 12 14 15 16 | 16.5
Fire Magic     | 2 4 6 8 11 13 15 17 19 21 22 23 | 23.1
Fighting       | 1 4 6 7 |  7.3
Dodging        | |  2.4
Stealth        | |  2.4

Action                   |  1- 3 |  4- 6 |  7- 9 | 10-12 | 13-15 | 16-18 || total
-------------------------+-------+-------+-------+-------+-------+-------++-------
Melee: Whip              |     1 |       |       |       |       |       ||     1
       Short sword       |       |     3 |    14 |    74 |    64 |       ||   155
       Punch             |       |       |       |     1 |     2 |       ||     3
       War axe           |       |       |       |       |    79 |       ||    79
       Staff             |       |       |       |       |     1 |    17 ||    18
 Cast: Magic Dart        |    74 |    80 |   204 |    92 |   158 |     6 ||   614
       Searing Ray       |     1 |     6 |    19 |     9 |       |       ||    35
       Iskenderun's Myst |       |     2 |    35 |    46 |    64 |    49 ||   196
       Starburst         |       |       |     1 |   120 |   326 |    24 ||   471
       Hailstorm         |       |       |       |       |     8 |       ||     8
       Olgreb's Toxic Ra |       |       |       |       |    35 |    19 ||    54
       Inner Flame       |       |       |       |       |    22 |     5 ||    27
       Apportation       |       |       |       |       |     8 |       ||     8
       Fireball          |       |       |       |       |       |   145 ||   145
       Ignite Poison     |       |       |       |       |       |    12 ||    12
       Ignition          |       |       |       |       |       |     9 ||     9
       Blink             |       |       |       |       |       |     1 ||     1
Evoke: Wand              |       |       |       |     3 |     1 |       ||     4
  Use: Scroll            |       |       |       |     1 |    28 |       ||    29
       Potion            |       |       |       |       |     3 |     3 ||     6
Armor: Robe              |       |     6 |    23 |    19 |   191 |    56 ||   295
       Acid dragon scale |       |       |       |    29 |       |       ||    29
       Troll leather arm |       |       |       |    14 |    13 |       ||    27
Dodge: Dodged            |     3 |    10 |    33 |    73 |   243 |    50 ||   412
